 Dungeon Crawl Stone Soup version 0.31-a0-870-g10ed682358 (webtiles) character file.

Game seed: 3143520668474939630

81 BinkBink the Chopper (level 4, -6/44 HPs)
             Began as a Troll Berserker on Oct 12, 2023.
             Was a Believer of Trog.
             Killed from afar by Natasha (7 damage)
             ... with a magic dart
             ... on level 3 of the Dungeon.
             The game lasted 00:02:26 (1876 turns).

BinkBink the Chopper (Troll Berserker)              Turns: 1876, Time: 00:02:28

Health: -6/44      AC:  4    Str: 27    XL:     4   Next: 20%
Magic:  3/3        EV: 10    Int:  3    God:    Trog [**....]
Gold:   190        SH:  0    Dex:  9    Spells: 3/3 levels left

rFire   . . .        a - +0 hand axe
rCold   . . .        (no shield)
rNeg    . . .        b - +0 animal skin
rPois   .            (helmet restricted)
rElec   .            (no cloak)
rCorr   .            (gloves unavailable)
SInv    .            (boots unavailable)
Will    .....        (no amulet)
Stlth   +            (no ring)
HPRegen 1.07/turn    (no ring)
MPRegen 0.08/turn

%: no passive effects
@: slowed, very slow
A: large, unfitting armour, claws 3, regeneration 1, shaggy fur 1, tough skin 1
a: Renounce Religion, Berserk, Trog's Hand


You were on level 3 of the Dungeon.
You worshipped Trog.
Trog was pleased with you.
You visited 1 branch of the dungeon, and saw 3 of its levels.

You collected 190 gold pieces.

Inventory:

Hand Weapons
 a - a +0 hand axe (weapon)
Armour
 b - a +0 animal skin (worn)
Talismans
 f - a granite talisman
Scrolls
 d - 2 scrolls of identify {unknown}
 j - a scroll of blinking {unknown}
 l - a scroll of teleportation {unknown}
 m - a scroll of enchant weapon {unknown}
Potions
 c - 2 potions of mutation {unknown}
 e - a potion of lignification {unknown}
 g - 2 potions of attraction {unknown}
 h - 2 potions of curing {unknown}
 i - a potion of degeneration {unknown}
 k - a potion of resistance {unknown}


   Skills:
 + Level 2.8 Fighting
 * Level 3.3 Axes
 + Level 2.9 Dodging
 + Level 1.1 Shapeshifting


You had 3 spell levels left.
You didn't know any spells.
Your spell library was empty.

Dungeon Overview and Level Annotations

Branches:
Dungeon (3/15)

Altars:
Cheibriados

Shops:
D:3 [

Annotations:
D:3 Natasha


Innate Abilities, Weirdness & Mutations

You are too large for most types of armour.
You have claws for hands.
Your natural rate of healing is unusually fast.
You are covered in fur. (AC +1)
You have tough skin. (AC +1)


Message History

You barely miss Natasha.
Natasha is severely wounded.
The cerulean imp hits you but does no damage.
Natasha completely misses you.
You hit Natasha but do no damage.
Natasha is severely wounded.
The cerulean imp hits you from afar with a +2 spear.
Natasha casts a spell at you. The magic dart hits you!
You hit Natasha but do no damage.
Natasha is severely wounded.
The cerulean imp barely misses you. Natasha claws you.
The cerulean imp hits you from afar with a +2 spear.
* * * LOW HITPOINT WARNING * * *
You barely miss Natasha.
Natasha is severely wounded.
Natasha barely misses you.
The cerulean imp hits you from afar with a +2 spear.
* * * LOW HITPOINT WARNING * * *
You closely miss Natasha.
Natasha is severely wounded.
Natasha claws you but does no damage.
The cerulean imp hits you from afar with a +2 spear.
* * * LOW HITPOINT WARNING * * *
Natasha mumbles some strange words.
Natasha's front paws start to glow.
Natasha claws you but does no damage.
You hit Natasha.
Natasha is severely wounded.
The cerulean imp closely misses you. Natasha casts a spell at you.
You feel yourself slow down.
You hit Natasha but do no damage.
Natasha is severely wounded.
The cerulean imp hits you from afar with a +2 spear.
* * * LOW HITPOINT WARNING * * *
Natasha casts a spell at you. The magic dart hits you!
You die...
Natasha begins licking her fur clean.

.... #..# #..# #..#
#..# #..# # #..#
....###..###########
.......@...........#
#...#.#h.##.######## ..
......5..# ..
#..#.#<.##.##### .. #.
#.#.........# .. ....#
#..#####..# .. . ..
#..# #..### .
...#.#..#####....##
+................∩....#


You could see Natasha and a cerulean imp (summoned).

Vanquished Creatures
  2 adders (D:2)
  3 gnolls (D:3)
  A dart slug (D:1)
  A worm (D:2)
  6 ball pythons
  A bat (D:2)
  3 endoplasms
  2 giant cockroaches (D:1)
  A goblin (D:2)
  A hobgoblin (D:2)
  5 kobolds
  3 frilled lizards
  5 rats
34 creatures vanquished.

Notes
Turn   | Place    | Note
-------+----------+-------------------------------------------
     0 | D:1      | BinkBink the Troll Berserker began the quest for the Orb.
     0 | D:1      | Reached XP level 1. HP: 22/22 MP: 0/0
    95 | D:1      | Reached XP level 2. HP: 29/29 MP: 1/1
   249 | D:1      | You fall into a shaft and drop 1 floor!
  1334 | D:2      | Reached skill level 3 in Axes
  1334 | D:2      | Reached XP level 3. HP: 21/36 MP: 2/2
  1611 | D:2      | Reached ** piety under Trog
  1712 | D:3      | Reached skill level 1 in Shapeshifting
  1713 | D:3      | Reached XP level 4. HP: 11/44 MP: 3/3
  1770 | D:3      | Found a snail-covered altar of Cheibriados.
  1838 | D:3      | Found Raskeciv's Antique Armour Emporium.
  1860 | D:3      | Noticed Natasha
  1874 | D:3      | HP: 1/44 [cerulean imp/+2 spear[Natasha] (6)]
  1876 | D:3      | Killed from afar by Natasha

Illustrated notes

Levels and vault maps discovered:
D:1:      erik_arrival_blinker_ship, layout_loops_ring, serial_forest,
          infiniplex_forest_end_1, infiniplex_forest_clump_curved,
          infiniplex_forest_clump_curved, infiniplex_forest_clump_C,
          infiniplex_forest_lined_2, infiniplex_forest_end_double,
          infiniplex_forest_zigzag_2, infiniplex_forest_lined_2,
          infiniplex_forest_clump_C, infiniplex_forest_lined_corner,
          minivault_19
D:2:      layout_basic
D:3:      layout_basic, cheibriados_altar_1,
          hellmonk_ecumenical_altar_leap_of_faith, serial_shops,
          nicolae_shop_pleasant_corner_grove, shop, shop, nicolae_square_shop,
          shop, uniq_natasha, uniq_sigmund

Skill      XL: |  1  2  3 |
---------------+----------+-----
Axes           | 3 |  3.3
Shapeshifting  | 1 |  1.1
Fighting       | |  2.8
Dodging        | |  2.9

Action                     |  1- 3 |  4- 6 || total
---------------------------+-------+-------++-------
  Melee: Hand axe          |   187 |    22 ||   209
         Punch             |     2 |       ||     2
   Stab: Sleeping          |     1 |       ||     1
 Armour: Animal skin       |    69 |    23 ||    92
  Dodge: Dodged            |    69 |    10 ||    79

Table legend: (Time is in decaauts)
 A = Elapsed time spent in this place.
 B = Non-inter-level travel time spent in this place.
 C = Inter-level travel time spent in this place.
 D = Time resting spent in this place.
 E = Time spent auto-exploring this place.
 F = Levels seen in this place.
 G = Mean time per level.
                   A        B        C        D        E       F      G
               +--------+--------+--------+--------+--------+-----+--------+
         Total |   1908 |   1822 |     86 |     35 |   1420 |   3 |  636.0 |
       Dungeon |   1908 |   1822 |     86 |     35 |   1420 |   3 |  636.0 |
               +--------+--------+--------+--------+--------+-----+--------+

Top non-repeatable levels by time:
     D:1: 945 daAuts
     D:2: 778 daAuts
     D:3: 184 daAuts
